Map: Ultralove

Players

RsAtom

  • Race: Zerg Zerg
  • League: Platinum
  • Spawn Location: 1:00

LigerMaNN - Winner!

  • Race: Zerg Zerg
  • League: Diamond
  • Spawn Location: 7:00

VOD

Have the link to the VOD?

Description

Time

  • Played on: July 1, 2025, 11:28 p.m.
  • Length: 5:31
Show
View Real Time Build Order
Export as new Build Order

RsAtom Zerg 

Build Orders: Hatch First 

Get SALT Encoding   

  12  0:00  Drone  
  13  0:13  Overlord  
  13  0:17  Drone  
  14  0:31  Drone x2  
  16  0:35  Drone  
  17  0:51  Hatchery  
  17  0:53  Drone  
  18  0:57  Drone  
  18  1:08  Extractor  
  17  1:12  Spawning Pool  
  17  1:15  Drone  
  17  1:19  Drone  
  18  1:29  Drone  
  19  1:40  Overlord  
  19  1:59  Queen  
  19  2:00  Zergling x2  
  22  2:02  Queen  
  22  2:04  Zergling x2  
  22  2:05  Drone  
  26  2:11  Metabolic Boost  
  26  2:13  Drone  
  28  2:15  Drone  
  28  2:23  Drone  
  28  2:28  Drone  
  30  2:34  Drone  
  31  2:37  Drone  
  32  2:44  Roach Warren  
  32  2:45  Drone  
  32  3:01  Hatchery  
  32  3:03  Drone x3  
  34  3:09  Drone x2  
  36  3:21  Overlord  
  36  3:26  Overlord  
  36  3:39  Drone  
  37  3:44  Drone x3  
  40  3:49  Extractor  
  40  3:50  Lair  
  40  3:51  Drone  
  40  3:57  Zergling x2  
  40  4:03  Zergling x4  
  42  4:14  Evolution Chamber  
  42  4:15  Evolution Chamber  
  40  4:30  Roach x5  
  29  4:46  Zergling x2  
  29  4:47  Zergling x4  
  32  4:58  Zergling x2  
  32  4:59  Zergling x4  
  20  5:12  Drone x2  
  21  5:14  Drone  
Show
View Real Time Build Order
Export as new Build Order

LigerMaNN Zerg - Winner!

Build Orders: Hatch First 

Get SALT Encoding   

  12  0:01  Drone  
  13  0:12  Overlord  
  13  0:22  Drone  
  14  0:31  Drone x2  
  14  0:34  Drone  
  17  0:51  Hatchery  
  17  0:55  Drone  
  17  0:58  Drone  
  18  1:08  Extractor  
  17  1:14  Spawning Pool  
  17  1:17  Drone  
  17  1:20  Drone  
  18  1:28  Drone  
  19  1:39  Drone  
  20  1:49  Overlord  
  20  2:05  Queen x2  
  20  2:06  Zergling x4  
  26  2:14  Metabolic Boost  
  26  2:16  Drone  
  26  2:18  Drone  
  28  2:36  Hatchery  
  27  2:44  Zergling x2  
  27  2:45  Zergling x6  
  30  2:58  Drone  
  30  2:59  Drone x3  
  34  3:06  Overlord  
  34  3:17  Baneling Nest  
  33  3:25  Spine Crawler  
  32  3:28  Zergling x12  
  38  3:47  Drone x3  
  41  3:48  Queen  
  41  3:51  Drone x2  
  41  3:55  Zergling x4  
  46  4:02  Baneling x2  
  46  4:03  Baneling x2  
  46  4:10  Drone x3  
  46  4:14  Baneling x2  
  47  4:33  Zergling x4  
  42  5:06  Zergling x16  
  50  5:12  Extractor  
Tags
 
Matchup
ZvZ
Race
Zerg
Replay Pack
June 2025
Spawn Locations
Cross Positions
Add a new tag
Caveats
  • Supply blocks, unpowered buildings, or Contaminate may cause inaccurate times.
  • Supply counts are checked every 10 seconds.